 Dungeon Crawl Stone Soup version 0.30-a0-465-g8901f6c8b5 (webtiles) character file.

Game seed: 892822724772883660

1005811 holysushi the Acrobat (level 27, -23/196 HPs)
             Began as a Gargoyle Monk on Dec 17, 2022.
             Was an Initiate of Gozag.
             Killed from afar by an iron giant (85 damage)
             ... with an iron shot
             ... on level 3 of the Iron City of Dis.
             The game lasted 03:18:01 (100969 turns).

holysushi the Acrobat (Gargoyle Monk)             Turns: 100969, Time: 03:18:01

Health: -23/196    AC: 37    Str: 14    XL:     27
Magic:  0/48       EV: 49    Int:  8    God:    Gozag
Gold:   5020       SH: 24    Dex: 38    Spells: 49/50 levels left

rFire   + + .      SeeInvis +    o - +8 demon blade "Leech" {vamp, Harm Drain rN+}
rCold   + + .      Faith    .    Y - +2 shield of Resistance {rF++ rC++ Will++}
rNeg    + + .      Spirit   .    L - +3 leather armour of Fixkeak {Rampage Regen+ MP+9}
rPois   ∞          Reflect  .    z - +2 hood of the Assassin {Detection Stab+ Stlth++}
rElec   +          Harm     +    E - +2 cloak of the Thief {*Fog Slay-2 SInv Stlth+}
rCorr   .          Rampage  ∞    i - +3 Mad Mage's Maulers {Infuse+∞ RegenMP Int-3}
Will    +++++      Rage     50%  J - +3 pair of seven-league boots {Rampage+∞} Stlth ***+++++++
                                 j - necklace of Bloodlust {*Rage Will++ Int-3 Slay+6}
HPRegen 1.32/turn                m - +6 ring of dexterity
MPRegen 0.71/turn                B - +6 ring of dexterity

@: on berserk cooldown, flying, studying 3 skills, corroded
A: sickness immunity, AC +20, big wings, negative energy resistance 1,
electricity resistance, torment resistance 1, petrification resistance, see
invisible, agile 1
}: 9/15 runes: serpentine, barnacled, slimy, silver, golden, obsidian, icy,
bone, abyssal
a: Renounce Religion, Potion Petition, Call Merchant, Bribe Branch


You were on level 3 of the Iron City of Dis.
You worshipped Gozag.
Gozag was greatly pleased with you.
You visited 18 branches of the dungeon, and saw 82 of its levels.
You visited the Abyss 1 time.
You visited 1 bazaar.
You also visited: Sewer, Ossuary, Bailey, Ice Cave, Volcano and Wizlab.

You collected 45373 gold pieces.
You spent 15951 gold pieces at shops.
You paid 24402 gold pieces to Gozag.

Inventory:

Hand Weapons
 o - the +8 demon blade "Leech" (weapon) {vamp, Harm Drain rN+}
   (You bought it in a shop in a bazaar)

   It heals its wielder for a portion of the damage dealt every time it strikes
   a living foe.
   rN:        It protects you from negative energy.
   Drain:     It drains your maximum health when unequipped.
   Harm:      It increases damage dealt and taken.
Missiles
 u - 2 throwing nets (quivered)
Armour
 i - the +3 Mad Mage's Maulers (worn) {Infuse+∞ RegenMP Int-3}
   (You bought it in a shop on level 2 of the Vaults)

   It empowers its wearer's blows with all of their magic.
   It causes its wearer's magical reserves to regenerate more quickly.
   Int:       It affects your intelligence (-3).
 z - the +2 hood of the Assassin (worn) {Detection Stab+ Stlth++}
   (You bought it in a shop on level 2 of the Vaults)

   It allows the wearer to sense nearby creatures.
   It allows the wearer to make particularly effective stabbing attacks against
   helpless or unaware enemies with any weapon.
   Stlth:     It makes you much more stealthy.
 E - the +2 cloak of the Thief (worn) {*Fog Slay-2 SInv Stlth+}
   (You bought it in a shop on level 4 of the Dungeon)

   It may release a thick cloud of smoke when the wearer is hurt.
   Slay:      It affects your accuracy & damage with ranged weapons and melee
   (-2).
   SInv:      It lets you see invisible.
   Stlth:     It makes you more stealthy.
 J - the +3 pair of seven-league boots (worn) {Rampage+∞}
   (You bought it in a shop on level 1 of the Realm of Zot)

   Its wearer moves as far as possible in that direction when moving towards
   enemies.
 L - the +3 leather armour of Fixkeak (worn) {Rampage Regen+ MP+9}
   (You bought it in a shop on level 1 of the Depths)

   MP:        It affects your magic capacity (+9).
   Regen:     It increases your rate of health regeneration.
   Rampage:   It bestows one free step when moving towards enemies.
 R - the +3 pair of mountain boots {steadfast, rC+}
   (You acquired it on level 3 of the Snake Pit)

   It prevents involuntary movement, except for blinking, teleportation, or
   banishment.
   rC:        It protects you from cold.
 Y - the +2 shield of Resistance (worn) {rF++ rC++ Will++}
   (You found it on level 3 of the Elven Halls)

   rF:        It greatly protects you from fire.
   rC:        It greatly protects you from cold.
   Will:      It greatly increases your willpower.
Jewellery
 b - the amulet of Vitality {RegenMP++ Regen++}
   (You found it on level 1 of the Crypt)

   [amulet of magic regeneration]

   It increases your rate of magic regeneration.
   Regen:     It increases your rate of health regeneration.
 e - the ring "Sunnu" {rF+ Will+ MP+9}
   (You took it off a deep elf annihilator on level 3 of the Elven Halls)

   [ring of protection from fire]

   rF:        It protects you from fire.
   MP:        It affects your magic capacity (+9).
   Will:      It increases your willpower.
 j - the necklace of Bloodlust (around neck) {*Rage Will++ Int-3 Slay+6}
   (You bought it in a shop on level 3 of the Shoals)

   [amulet of nothing]

   It extends the wearer's berserk rage when killing foes.
   Int:       It affects your intelligence (-3).
   Slay:      It affects your accuracy & damage with ranged weapons and melee
   (+6).
   *Rage:     It berserks you when you make melee attacks (+50% chance).
   Will:      It greatly increases your willpower.
 m - a +6 ring of dexterity (left hand)
 v - the amulet of the Four Winds {rN+ Will+++ Clar}
   (You found it on level 5 of the Pits of Slime)

   [amulet of nothing]

   rN:        It protects you from negative energy.
   Clar:      It protects you against confusion.
   Will:      It greatly increases your willpower.
 y - the ring of Patience {rN+ Dex+3}
   (You found it on level 3 of the Crypt)

   [ring of positive energy]

   Dex:       It affects your dexterity (+3).
   rN:        It protects you from negative energy.
 B - a +6 ring of dexterity (right hand)
Wands
 t - a wand of roots (67)
 Q - a wand of digging (16)
 Z - a wand of quicksilver (26)
Scrolls
 q - 15 scrolls of immolation
 r - 10 scrolls of blinking
 w - 32 scrolls of teleportation
 G - 4 scrolls of silence
 H - 11 scrolls of vulnerability
 I - 7 scrolls of magic mapping
 N - 14 scrolls of enchant weapon
 P - 11 scrolls of fear
 S - 5 scrolls of brand weapon
 T - 12 scrolls of enchant armour
 U - 12 scrolls of poison
 W - 7 scrolls of fog
Potions
 c - 12 potions of ambrosia
 g - 11 potions of might
 h - 37 potions of curing
 k - 4 potions of resistance
 l - 6 potions of mutation
 n - 11 potions of magic
 x - 18 potions of attraction
 D - 9 potions of lignification
 F - 11 potions of heal wounds
 K - 9 potions of berserk rage
 M - 8 potions of invisibility
 O - 13 potions of brilliance
 V - 8 potions of haste
 X - 6 potions of cancellation
Miscellaneous
 a - a phantom mirror
 d - a box of beasts
 f - a condenser vane
 p - a phial of floods
 s - a lightning rod (4/4)
 A - a tin of tremorstones (2/2)
 C - a figurine of a ziggurat


   Skills:
 - Level 26.0 Fighting
 - Level 26.0 Long Blades
 + Level 21.0 Armour
 - Level 26.0 Dodging
 - Level 26.0 Stealth
 + Level 24.4 Shields
 - Level 12.0 Spellcasting
 - Level 14.0 Evocations


You had 49 spell levels left.
You knew the following spells:

 Your Spells              Type           Power      Damage    Failure   Level
a - Apportation           Tloc           8%         N/A       16%         1

Your spell library contained the following spells:

 Spells                   Type           Power      Damage    Failure   Level
 Beastly Appendage        Tmut           8%         N/A       16%         1
 Foxfire                  Conj/Fire      16%        2x1d4     16%         1
 Freeze                   Ice            16%        1d4       16%         1
 Kiss of Death            Conj/Necr      16%        2d6       16%         1
 Magic Dart               Conj           16%        1d3       16%         1
 Sandblast                Erth           8%         2d5       16%         1
 Shock                    Conj/Air       16%        1d4       16%         1
 Slow                     Hex            16%        N/A       16%         1
 Blink                    Tloc           8%         N/A       24%         2
 Momentum Strike          Conj/Tloc      8%         3d8       24%         2
 Passwall                 Tmut/Erth      3%         N/A       24%         2
 Poisonous Vapours        Pois/Air       8%         N/A       24%         2
 Scorch                   Fire           8%         2d5       24%         2
 Static Discharge         Conj/Air       8%         2-3/arc   24%         2
 Confusing Touch          Hex            4%         N/A       43%         3
 Gell's Gravitas          Tloc           4%         N/A       43%         3
 Hailstorm                Conj/Ice       4%         3d4       43%         3
 Ignite Poison            Fire/Tmut/Pois 4%         N/A       43%         3
 Kindle Blastsparks       Fire/Tloc/Air  8%         2d10      43%         3
 Lesser Beckoning         Tloc           8%         N/A       43%         3
 Mephitic Cloud           Conj/Pois/Air  4%         N/A       43%         3
 Ozocubu's Armour         Ice            4%         N/A       43%         3
 Portal Projectile        Hex/Tloc       8%         N/A       43%         3
 Stone Arrow              Conj/Erth      8%         3d7       43%         3
 Summon Guardian Golem    Hex/Summ       4%         N/A       43%         3
 Swiftness                Air            4%         N/A       43%         3
 Teleport Other           Tloc           4%         N/A       43%         3
 Tukima's Dance           Hex            4%         N/A       43%         3
 Vampiric Draining        Necr           4%         2d6       43%         3
 Airstrike                Air            2%         2d(1-17)  85%         4
 Anguish                  Hex/Necr       2%         N/A       85%         4
 Animate Armour           Summ/Erth      8%         N/A       85%         4
 Cause Fear               Hex            2%         N/A       85%         4
 Dispel Undead            Necr           4%         3d7       85%         4
 Flame Wave               Conj/Fire      4%         2d5       85%         4
 Ice Form                 Ice/Tmut       4%         N/A       85%         4
 Iskenderun's Mystic Bla  Conj/Tloc      4%         2d3       85%         4
 Manifold Assault         Tloc           4%         N/A       85%         4
 Olgreb's Toxic Radiance  Pois           4%         N/A       85%         4
 Passage of Golubria      Tloc           4%         N/A       85%         4
 Petrify                  Tmut/Erth      4%         N/A       85%         4
 Sticky Flame             Conj/Fire      4%         2d3       85%         4
 Summon Ice Beast         Ice/Summ       4%         N/A       85%         4
 Summon Lightning Spire   Summ/Air       4%         N/A       85%         4
 Alistair's Intoxication  Tmut/Pois      2%         N/A       99%         5
 Blade Hands              Tmut           2%         N/A       99%         5
 Borgnjor's Vile Clutch   Necr/Erth      2%         N/A       99%         5
 Fireball                 Conj/Fire      2%         3d4       99%         5
 Freezing Cloud           Conj/Ice/Air   2%         6-21      99%         5
 Irradiate                Conj/Tmut      2%         3d12      99%         5
 Iskenderun's Battlesphe  Conj           4%         2d6       99%         5
 Lightning Bolt           Conj/Air       2%         1d13      99%         5
 Metabolic Englaciation   Hex/Ice        2%         N/A       99%         5
 Summon Forest            Summ/Tloc      2%         N/A       99%         5
 Summon Mana Viper        Hex/Summ       4%         N/A       99%         5
 Yara's Violent Unravell  Hex/Tmut       2%         3d3       99%         5
 Conjure Ball Lightning   Conj/Air       2%         3x3d6     100%        6
 Eringya's Noxious Bog    Tmut/Pois      2%         N/A       100%        6
 Iron Shot                Conj/Erth      2%         9d2       100%        6
 Starburst                Conj/Fire      2%         6d3       100%        6
 Summon Cactus Giant      Summ           2%         N/A       100%        6
 Dragon Form              Tmut           2%         N/A       100%        7
 Enfeeble                 Hex            2%         N/A       100%        7
 Haunt                    Necr/Summ      2%         N/A       100%        7
 Monstrous Menagerie      Summ           2%         N/A       100%        7
 Orb of Destruction       Conj           2%         9d5       100%        7
 Ozocubu's Refrigeration  Ice            2%         4d7       100%        7
 Spellforged Servitor     Conj/Summ      2%         N/A       100%        7
 Storm Form               Tmut/Air       2%         N/A       100%        7
 Summon Hydra             Summ           2%         N/A       100%        7
 Borgnjor's Revivificati  Necr           2%         N/A       100%        8
 Discord                  Hex            2%         N/A       100%        8
 Disjunction              Tloc           2%         N/A       100%        8
 Ignition                 Fire           2%         3d3       100%        8
 Infestation              Necr           2%         N/A       100%        8
 Necromutation            Tmut/Necr      2%         N/A       100%        8
 Death's Door             Necr           2%         N/A       100%        9
 Dragon's Call            Summ           2%         N/A       100%        9
 Fire Storm               Conj/Fire      2%         8d1       100%        9
 Polar Vortex             Ice            2%         N/A       100%        9
 Cigotuvi's Dreadful Rot  Necr/Pois/Air  Unusable   N/A       N/A         2
 Sublimation of Blood     Necr           Unusable   N/A       N/A         2
 Animate Dead             Necr           Unusable   N/A       N/A         4
 Simulacrum               Ice/Necr       Unusable   N/A       N/A         6

Dungeon Overview and Level Annotations

Branches:
Dungeon (15/15) Zot: 25164  Temple (1/1) D:7 Zot: 5595    Lair (5/5) D:10 Zot: 23581
 Shoals (4/4) Lair:3 Zot: 19484   Snake (4/4) Lair:3 Zot: 19562   Slime (5/5) Lair:4 Zot: 24974
    Orc (2/2) D:9 Zot: 9414     Elf (3/3) Orc:2 Zot: 12639  Vaults (5/5) D:14 Zot: 18715
  Crypt (3/3) Vaults:2 Zot: 10664    Tomb (3/3) Crypt:3 Zot: 11285  Depths (4/4) D:15 Zot: 16126
   Hell (visited)             Dis (3/7) Hell Zot: 26832     Geh (7/7) Hell Zot: 26832
    Coc (7/7) Hell Zot: 26832     Tar (7/7) Hell Zot: 26832     Zot (5/5) Depths:4 Zot: 19814
  Sewer (visited)         Ossuary (visited)          Bailey (visited)
  IceCv (visited)         Volcano (visited)          WizLab (visited)

Altars:
Ashenzari
Cheibriados
Dithmenos
Elyvilon
Fedhas
Gozag
Hepliaklqana
Kikubaaqudgha
Makhleb
Nemelex Xobeh
Okawaru
Qazlal
Ru
Sif Muna
Trog
Uskayaw
Vehumet
Wu Jian
Xom
Yredelemnul
Zin
The Shining One
Jiyva
Lugonu

Shops:
D:4 :**(:   D:6 **   D:15 ((   Orc:2 :*[(   Elf:1 [   Shoals:3 =   Snake:4 =:=
Vaults:1 ([[![   Vaults:2 *[?   Vaults:5 ?!!???   Hell [[[   Zot:1 [*[[
Depths:1 *[   Depths:2 :   Depths:4 =(![

Portals:
Hell: Depths:1 Depths:2 Depths:3 Depths:4
Abyss: Depths:3
Pandemonium: Depths:2
Ziggurat: Depths:1

Annotations:
D:2 1 runed translucent door, Crazy Yiuf
D:9 exclusion: door
Vaults:2 2 transporters, Nekhlo's ghost, adept AtWr
Geh:4 9 runed translucent doors


Innate Abilities, Weirdness & Mutations

You are immune to sickness and miasma.
Your stone body is resilient. (AC +20)
You are immune to poison.
Your large and strong wings let you fly.
You resist negative energy. (rN+)
You are resistant to electric shocks. (rElec)
You are resistant to unholy torment.
You are immune to petrification.
You have supernaturally acute eyesight. (SInv)
You are agile. (Dex +4, Str/Int -1)


Message History

You block the quicksilver elemental's attack.
You block the iron golem's attack. The iron golem completely misses you.
You slice the iron giant!!
You feel better.
The iron giant is moderately wounded.
You block the quicksilver elemental's attack.
The iron giant gestures at you while chanting.
The iron shot hits you.
You hit the iron giant.
You feel better.
The iron giant is moderately wounded.
You block the iron golem's attack. x2
The iron giant gestures at you while chanting.
The iron shot hits you!!!
With a swish of your cloak, you release a cloud of fog.
You slice the iron giant!!
You feel better.
The iron giant is heavily wounded.
You block the quicksilver elemental's attack.
You hit the iron giant but do no damage.
The iron giant is heavily wounded.
You block the quicksilver elemental's attack.
You block the iron golem's attack. The iron golem completely misses you.
The iron giant throws the iron golem at you!
With a swish of your cloak, you release a cloud of fog.
You completely miss the iron giant.
The iron giant is heavily wounded.
The iron golem completely misses you. You block the iron golem's attack. x2
The iron golem completely misses you.
You hit the iron giant.
You feel better.
The iron giant is heavily wounded.
You block the quicksilver elemental's attack.
The iron giant points at you and mumbles some strange words.
The iron shot hits you! You block the iron golem's attack.
The iron golem closely misses you.
You slash the iron giant!
You feel better.
The iron giant is severely wounded.
The iron golem completely misses you. You block the iron golem's attack.
The quicksilver elemental completely misses you.
The iron giant points at you and mumbles some strange words.
The iron shot hits you!!!
You die...
Your body crumbles into a pile of gold.

#...#......#....+
#...#......#....#
#'##########'#######
#.....#...'.....'...
#..∩..+...#§§§..#...
#.....#.. #§8§8^#
#.....## #§§§§§#
#+#####.. #§8§8§#
+...#C@E§.#...
#.⌠.§9§9§.'...
#...#'#####...
#...#. ..> ##' #. ##
C. #. .. #. #.. +.


You could see 2 iron golems, an iron giant and a quicksilver elemental.

Vanquished Creatures
  Asmodeus (Geh:7)
  Antaeus (Coc:7)
  the Royal Jelly (Slime:5)
  Ereshkigal (Tar:7)
  7 dread liches
  Khufu (Crypt:1)
  Mara (Vaults:5)
  5 orbs of fire
  12 ancient liches
  Mennas (Vaults:5)
  36 royal mummies
  8 Killer Klowns
  Josephina (Depths:3)
  Boris (twice) (Vaults:5 Tomb:3)
  Vv (Crypt:1)
  Frederick (Crypt:1)
  16 shard shrikes
  Xtahua (Crypt:1)
  Geryon (Hell)
  10 caustic shrikes
  the Enchantress (Depths:1)
  13 profane servitors
  7 golden dragons
  Jory (Vaults:5)
  An iron giant (Dis:2)
  4 electric golems
  A doom hound (Tar:7)
  8 bone dragons
  9 Tzitzimimeh
  18 hellephants
  8 Brimstone Fiends
  Rupert (D:13)
  Jorgrun (D:14)
  A shard shrike zombie (Crypt:3)
  13 tentacled monstrosities
  34 searing wretches
  A walking earthen tome (Depths:3)
  5 liches
  21 Ice Fiends
  25 Orb Guardians (Zot:5)
  A shard shrike skeleton (Crypt:3)
  Asterion (Snake:1)
  A Hell Sentinel (Dis:1)
  12 tainted leviathans
  10 titans
  2 deep elf master archers (Elf:3)
  4 deep elf blademasters
  24 acid blobs
  6 quicksilver dragons
  21 ancient champions
  6 tentacled starspawn (Abyss:3)
  9 death cobs
  Polyphemus (Shoals:4)
  18 sphinxes
  19 storm dragons
  8 tengu reavers
  10 shadow dragons
  2 krakens (Shoals:3)
  3 revenants
  Donald (Snake:2)
  13 rockslimes
  7 draconian knights
  24 fire giants
  6 draconian monks
  9 nagarajas
  7 azure jellies
  17 frost giants
  11 draconian scorchers
  18 vault wardens
  8 narguns
  10 deep elf sorcerers
  7 iron dragons
  Aizul (Snake:1)
  4 juggernaut zombies
  Louise (Snake:1)
  3 deep elf elementalists (Elf:3)
  6 draconian shifters
  4 curse skulls
  26 balrugs
  2 ghost moths
  3 draconian stormcallers
  An orc warlord (Orc:2)
  3 caustic shrike zombies
  3 ghouls
  An ophan (Abyss:3)
  7 reapers
  26 ironbound preservers
  19 war gargoyles
  11 shard shrike simulacra
  5 quicksilver oozes
  7 draconian annihilators
  2 caustic shrike skeletons
  13 stone giants
  2 juggernaut skeletons
  13 ironbound thunderhulks
  15 very ugly things
  7 deep elf demonologists
  7 deep elf annihilators
  3 spriggan defenders (Depths:1)
  8 vampire knights
  9 red draconians
  23 dire elephants
  25 elemental wellsprings
  20 putrid mouths
  5 starcursed masses
  10 white draconians
  16 yellow draconians
  3 minotaurs (Shoals:4)
  11 wendigos
  2 spectral titans
  11 green draconians
  8 bennus
  The ghost of Qikipt the Tainter, a journeyman NaVM of Vehumet (Lair:3)
  3 demonspawn black suns (Zot:4)
  7 spark wasps
  A lorocyproca (Hell)
  A minotaur (shapeshifter) (Elf:3)
  11 purple draconians
  8 black draconians
  3 spectral quicksilver dragons
  38 mummy priests
  A quicksilver dragon zombie (Hell)
  6 crystal guardians
  23 ettins
  5 iron golems
  4 fire dragons
  19 eidola
  A spectral iron giant (Tar:1)
  12 deep elf death magi
  4 merfolk impalers
  13 yaktaur captains
  9 jiangshi
  6 ice dragons
  A green death (Abyss:3)
  3 entropy weavers
  A spectral kraken (Tar:7)
  A quicksilver dragon skeleton (Crypt:1)
  3 spectral spriggans
  6 deep elf high priests
  4 merfolk javelineers
  A spectral fenstrider witch (Tar:1)
  14 great orbs of eyes
  7 spriggan zombies
  5 rakshasas
  30 vault guards
  16 caustic shrike simulacra
  3 merfolk avatars
  9 peacekeepers
  7 hell beasts
  A fenstrider witch zombie (Tomb:2)
  A spriggan skeleton (Tomb:3)
  4 juggernaut simulacra
  10 salamander tyrants
  An Orb Guardian zombie (Crypt:2)
  3 hydras
  A merfolk aquamancer (Shoals:4)
  14 ironbound frosthearts
  3 death knights
  3 ghost crabs (Geh:5)
  5 ogre magi
  4 spriggan air magi
  14 anacondas
  14 naga warriors
  13 two-headed ogres
  5 boulder beetles
  25 dancing weapons
  2 fenstrider witch skeletons
  10 stokers
  3 catoblepae
  An alligator snapping turtle (Shoals:4)
  8 deep troll earth magi
  12 satyrs
  16 death yaks
  16 centaur warriors
  74 death scarabs
  61 hell hogs
  9 shock serpents
  4 deep troll shamans
  12 tengu warriors
  A shock serpent (shapeshifter) (Vaults:5)
  3 orc high priests
  2 spectral dire elephants (Tar:2)
  A thrashing horror (Abyss:3)
  2 vampire magi
  9 naga sharpshooters
  3 spriggans (Depths:1)
  2 crystal echidnas (Dis:2)
  5 wretched stars (Abyss:3)
  13 soul eaters
  12 hell knights
  25 deep elf knights
  10 sun demons
  A fire crab (shapeshifter) (Vaults:5)
  A spectral bunyip (Tar:2)
  A storm dragon zombie (Crypt:3)
  4 salamander mystics
  10 skeletal warriors
  2 shadow wraiths
  An iron troll (Depths:4)
  2 sixfirhies
  2 spark wasp zombies (Hell)
  2 golden dragon zombies
  2 anaconda zombies
  A bunyip zombie (Tomb:2)
  12 wizards
  15 sea snakes
  7 quicksilver dragon simulacra
  72 deep trolls
  A bog body (Crypt:1)
  4 spriggan simulacra
  2 spatial maelstroms
  3 flayed ghosts
  5 glowing orange brains
  An orb spider (Abyss:3)
  An obsidian statue (Vaults:2)
  An orange crystal statue (Zot:5)
  16 deep elf archers
  A swamp dragon (Lair:5)
  6 naga ritualists
  20 phantasmal warriors
  10 lindwurms
  18 ironbound convokers
  A bunyip skeleton (Crypt:3)
  39 deep elf zephyrmancers
  19 necromancers
  37 deep elf pyromancers
  26 harpies
  A tengu skeleton (Vaults:3)
  9 orc knights
  10 mana vipers
  7 orc sorcerers
  A frost giant zombie (Hell)
  2 oklob plants (Lair:4)
  5 shining eyes
  A tengu zombie (Hell)
  59 ugly things
  2 shadow dragon skeletons
  8 cyclopes
  14 manticores
  3 wolf spiders (Crypt:3)
  30 fauns
  A fire giant zombie (Hell)
  3 stone giant zombies (Hell)
  32 moths of wrath
  2 spectral centaurs (Tar:1)
  A spectral alligator snapping turtle (Tar:2)
  13 salamanders
  A worldbinder (Abyss:3)
  19 elephants
  9 rust devils (Hell)
  7 merfolk sirens
  A frost giant skeleton (Crypt:1)
  A naga zombie (Crypt:3)
  A guardian serpent (shapeshifter) (D:15)
  An apocalypse crab (Abyss:3)
  4 human skeletons
  3 stone giant skeletons
  12 smoke demons
  20 vault sentinels
  7 cane toads
  2 dire elephant zombies (Crypt:3)
  2 guardian serpents
  3 ice statues (IceCv)
  5 water nymphs
  33 black mambas
  2 eyes of devastation
  15 naga magi
  9 large abominations
  Joseph (D:7)
  5 torpor snails (Lair:5)
  8 molten gargoyles
  A dire elephant skeleton (Crypt:3)
  6 spectral swamp worms (Tar:7)
  8 freezing wraiths
  A naga skeleton (Crypt:3)
  7 titan simulacra
  13 gargoyles
  6 unseen horrors
  15 hellions
  2 rime drakes (Lair:5)
  Maggie (D:7)
  2 centaur skeletons (Crypt:3)
  A kobold demonologist (D:12)
  An unseen horror (shapeshifter) (D:13)
  4 unseen horror zombies (D:9)
  An efreet (D:13)
  58 guardian mummies
  A komodo dragon (shapeshifter) (D:15)
  5 anaconda simulacra
  A bunyip simulacrum (Coc:1)
  10 komodo dragons
  11 tormentors
  13 hellwings (Crypt:3)
  4 tengu conjurers
  5 ancient zymes (Abyss:3)
  2 red devils (Hell)
  An alligator snapping turtle skeleton (Crypt:3)
  2 golden dragon simulacra
  4 spectral nagas
  8 spectral harpies
  26 yaktaurs
  2 iron giant simulacra
  A grey draconian skeleton (Crypt:2)
  10 trolls
  4 tyrant leeches (Lair:5)
  9 wind drakes
  A hydra zombie (Crypt:3)
  2 polar bears
  2 harpy zombies (Crypt:3)
  A mana viper skeleton (Crypt:1)
  40 merfolk
  10 hornets
  A death yak skeleton (Crypt:2)
  A tyrant leech (shapeshifter) (Vaults:5)
  5 raiju
  15 dream sheep
  An ice dragon zombie (Crypt:1)
  55 slime creatures
  A blink frog (shapeshifter) (D:14)
  A jumping spider zombie (Crypt:2)
  An iron dragon simulacrum (Coc:3)
  2 harpy skeletons
  26 blink frogs
  13 snapping turtles
  A dream sheep (shapeshifter) (Vaults:5)
  An alligator zombie (Crypt:2)
  3 jumping spiders (Crypt:3)
  An ettin zombie (Tomb:2)
  22 flying skulls
  12 wraiths
  A black mamba zombie (Crypt:3)
  4 air elementals (Elf:2)
  2 centaur simulacra
  A vampire (D:11)
  14 water elementals
  2 ettin skeletons
  A fire dragon skeleton (Tomb:1)
  2 wyverns
  6 dire elephant simulacra
  A satyr skeleton (Crypt:1)
  16 ushabtiu
  20 yaks
  2 fire bats (Volcano)
  3 ynoxinuls
  5 fire elementals
  2 alligator snapping turtle simulacra
  6 humans
  4 basilisks
  8 chaos spawn
  4 neqoxecs (Abyss:3)
  4 steam dragons
  2 golden eyes (Abyss:3)
  34 nagas
  7 redbacks
  10 vampire mosquitoes
  2 wargs (Orc:1)
  11 harpy simulacra
  2 hydra simulacra (Coc:7)
  2 spatial vortices (Abyss:5)
  An acid dragon (Lair:5)
  A cane toad zombie (Crypt:2)
  2 glowing shapeshifter zombies
  17 water moccasins
  2 floating eyes
  18 orc warriors
  A sky beast (D:6)
  Pargi (Sewer)
  3 black bears
  10 small abominations
  An ice beast (Abyss:3)
  2 ettin simulacra (Coc:6)
  5 wolves (Lair:3)
  12 centaurs
  An elephant skeleton (Crypt:2)
  6 boggarts
  9 ogres
  3 kobold brigands
  An elf zombie (Ossuary)
  2 gnoll sergeants
  A bullfrog (shapeshifter) (Abyss:3)
  14 bullfrogs
  A naga simulacrum (Coc:7)
  3 scorpions
  3 cane toad simulacra (IceCv)
  6 earth elementals
  6 wyvern skeletons (Crypt:3)
  11 wights
  An elephant simulacrum (IceCv)
  A yak zombie (Crypt:1)
  An oklob sapling (D:7)
  3 killer bees (D:8)
  2 electric eels (Lair:1)
  6 howler monkeys
  6 lava snakes (Volcano)
  7 centaur zombies
  4 human zombies
  A jelly (D:5)
  3 quasits
  17 orc priests
  2 gnoll boudas
  A hound (D:6)
  An iron imp (Abyss:3)
  4 iguanas
  32 orc wizards
  11 hell rats (Hell)
  2 lightning spires (WizLab)
  3 polar bear simulacra (IceCv)
  A killer bee zombie (D:9)
  An ice beast zombie (Crypt:1)
  An ogre skeleton (Crypt:1)
  A hound zombie (Ossuary)
  62 mummies
  Robin (D:4)
  2 howler monkey zombies (D:9)
  28 gnolls
  11 adders
  2 river rats (D:3)
  2 shadow imps
  3 white imps
  5 ufetubi
  An adder zombie (Ossuary)
  A dart slug (D:3)
  106 orcs
  7 bats
  8 endoplasms
  4 giant cockroaches
  21 goblins
  14 hobgoblins
  6 jackals (D:1)
  2 quokkas
  2 ball pythons
  5 frilled lizards
  A hobgoblin zombie (Ossuary)
  2 jackal zombies (Ossuary)
  19 kobolds
  3 kobold zombies (Ossuary)
  An orc zombie (Ossuary)
  7 rats
  3 rat zombies (D:6)
  3 creeping infernos
  20 fire vortices
  4 starspawn tentacles (Abyss:3)
  2 tentacles (Tar:7)
  A withered plant (Crypt:3)
3624 creatures vanquished.

Vanquished Creatures (others)
  A shard shrike (Coc:6)
  An Ice Fiend (Coc:6)
  A balrug (Geh:5)
  A yellow draconian (Zot:5)
  3 caustic shrike simulacra
  A juggernaut simulacrum (Depths:3)
  A hell hog (Hell)
  2 deep elf knights
  A quicksilver dragon simulacrum (Coc:7)
  A deep elf zephyrmancer (Vaults:5)
  A deep elf pyromancer (Elf:2)
  A merfolk (Shoals:1)
  A shadow dragon simulacrum (Hell)
  A blink frog (Abyss:3)
  A stone giant simulacrum (Coc:1)
  A dire elephant simulacrum (Hell)
  A golden eye (Abyss:3)
  A harpy simulacrum (Coc:7)
  A hydra simulacrum (Coc:7)
  An ice dragon simulacrum (Coc:1)
  2 orcs
  14 creeping infernos
  3 fungi
  3 lurking horrors
  86 plants
  5 starspawn tentacles (Abyss:3)
  7 tentacles
  13 withered plants
156 creatures vanquished.

Grand Total: 3780 creatures vanquished

Notes
Turn   | Place    | Note
-------+----------+-------------------------------------------
     0 | D:1      | holysushi the Gargoyle Monk began the quest for the Orb.
     0 | D:1      | Reached XP level 1. HP: 14/14 MP: 1/1
    90 | D:1      | Reached XP level 2. HP: 13/19 MP: 2/2
   619 | D:1      | Found a faded altar of an unknown god.
   657 | D:1      | Reached XP level 3. HP: 23/23 MP: 3/3
  1330 | D:2      | Reached XP level 4. HP: 18/28 MP: 4/4
  2008 | D:1      | Reached XP level 5. HP: 30/32 MP: 5/5
  2116 | D:2      | Found a runed translucent door.
  2117 | D:2      | Noticed Crazy Yiuf
  2810 | D:3      | Found a glowing drain.
  2825 | D:3      | Reached XP level 6. HP: 32/37 MP: 6/6
  2843 | Sewer    | Entered a sewer
  2936 | Sewer    | Noticed Pargi
  2953 | Sewer    | Killed Pargi
  2954 | Sewer    | Reached skill level 5 in Long Blades
  3071 | D:3      | Found a shimmering blue altar of Sif Muna.
  3364 | D:3      | Found a blossoming altar of Fedhas.
  3485 | D:4      | Found Vuonimet's Book Boutique.
  3487 | D:4      | Noticed Robin
  3496 | D:4      | Reached skill level 1 in Shields
  3526 | D:4      | Killed Robin
  3527 | D:4      | Reached skill level 1 in Armour
  3680 | D:4      | Found Tew Vi Dui's Assorted Antiques.
  3689 | D:4      | Reached XP level 7. HP: 41/41 MP: 7/7
  3693 | D:4      | Bought a dented amethyst amulet for 165 gold pieces
  3723 | D:4      | Found Qerecvuh's General Store.
  3824 | D:4      | Learned a level 1 spell: Apportation
  3887 | D:4      | Bought a scroll of teleportation for 42 gold pieces
  3986 | D:4      | Found Gudot's Book Boutique.
  4336 | D:4      | Found Hoynifoc's Antique Weapon Emporium.
  4392 | D:5      | Entered Level 5 of the Dungeon
  5428 | D:6      | Reached XP level 8. HP: 43/47 MP: 6/8
  5730 | D:6      | Found Zuamix's General Store.
  5736 | D:6      | Bought a scroll of enchant armour for 97 gold pieces
  5963 | D:6      | Found Myhiq's General Store.
  6222 | D:6      | Found an ancient bone altar of Kikubaaqudgha.
  6431 | D:7      | Found a flagged portal.
  6464 | D:7      | Noticed Maggie
  6552 | Bailey   | Entered a bailey
  6570 | Bailey   | Reached skill level 5 in Dodging
  6689 | Bailey   | Gained mutation: You passively dampen the noise of your
                  | surroundings. [potion of mutation]
  6689 | Bailey   | Gained mutation: A frigid envelope surrounds you and
                  | freezes all who hurt you. [potion of mutation]
  6689 | Bailey   | Gained mutation: Your natural rate of healing is unusually
                  | fast. [potion of mutation]
  6694 | Bailey   | Reached XP level 9. HP: 15/51 MP: 3/9
  6867 | Bailey   | Noticed a vault guard
  6876 | Bailey   | Noticed Prince Ribbit
  6876 | Bailey   | Noticed a vault guard
  6923 | D:7      | Killed Maggie
  6991 | D:7      | Found a staircase to the Ecumenical Temple.
  7008 | Temple   | Entered the Ecumenical Temple
  7348 | Temple   | Became a worshipper of Gozag Ym Sagoz the Greedy
  7461 | D:7      | Noticed Joseph
  7473 | D:7      | Killed Joseph
  7474 | D:7      | Reached skill level 5 in Fighting
  7503 | D:7      | Reached XP level 10. HP: 59/59 MP: 10/10
  8383 | D:8      | Found a sand-covered staircase.
  8391 | Ossuary  | Entered an ossuary
  8912 | D:8      | Found a bloodstained altar of Trog.
  9503 | D:9      | Reached skill level 5 in Stealth
  9579 | D:9      | Noticed a two-headed ogre
  9588 | D:9      | Killed a two-headed ogre
  9589 | D:9      | Reached skill level 10 in Long Blades
  9673 | D:9      | Found a staircase to the Orcish Mines.
  9819 | D:9      | Identified the +1 leather armour "Gydiuc" {+Inv rPois
                  | Regen+}
  9951 | D:9      | Reached XP level 11. HP: 66/66 MP: 9/11
 10057 | D:9      | Found a runed translucent door.
 10058 | D:9      | Noticed a centaur warrior
 10069 | D:9      | Killed a centaur warrior
 10096 | D:9      | Noticed a boulder beetle
 10096 | D:9      | Noticed a seven-headed hydra
 10517 | D:10     | Entered Level 10 of the Dungeon
 10662 | D:10     | Noticed a death yak
 10662 | D:10     | Noticed a death yak
 10702 | D:10     | Killed a death yak
 10734 | D:10     | Noticed a death yak
 10737 | D:10     | Found a staircase to the Lair.
 10757 | D:10     | Killed a death yak
 10768 | D:10     | Noticed a death yak
 10770 | D:10     | Identified the ring of Wu Jian's Generosity {*Slow rElec
                  | AC+4 Str+3}
 10801 | D:10     | Noticed a death yak
 10807 | D:10     | Killed a death yak
 10816 | D:10     | Killed a death yak
 10826 | D:10     | Killed a death yak
 11047 | D:10     | Noticed a two-headed ogre
 11056 | D:10     | Killed a two-headed ogre
 11193 | D:10     | Found a hide-covered altar of Uskayaw.
 11473 | Orc:1    | Entered Level 1 of the Orcish Mines
 11496 | Orc:1    | Noticed an orc knight
 11527 | Orc:1    | Killed an orc knight
 11568 | Orc:1    | Reached XP level 12. HP: 67/74 MP: 10/12
 11828 | Orc:2    | Entered Level 2 of the Orcish Mines
 11828 | Orc:2    | Found a staircase to the Elven Halls.
 12033 | Orc:2    | Noticed an orc high priest
 12275 | Orc:2    | Noticed an orc warlord
 12744 | Orc:2    | Killed an orc warlord
 12827 | Orc:2    | Killed an orc high priest
 13073 | Orc:2    | Found a runed translucent door.
 13305 | Orc:2    | Noticed a soul eater
 13389 | Orc:2    | Found Inewerph's Book Shop.
 13393 | Orc:2    | Found Fele Bem's Antique Armour Shop.
 13532 | Orc:2    | Found Ozad's General Store.
 13538 | Orc:2    | Bought a scroll of brand weapon for 142 gold pieces
 13538 | Orc:2    | Bought a scroll of enchant weapon for 112 gold pieces
 13538 | Orc:2    | Bought a scroll of enchant armour for 112 gold pieces
 13724 | Orc:2    | Found Beykh's Antique Weapon Shop.
 13731 | Orc:2    | Bought an iridescent scimitar for 153 gold pieces
 13731 | Orc:2    | Identified the +9 scimitar "Dragon's Tongue" {elec, Int+8}
                  | (You bought it in a shop on level 2 of the Orcish Mines)
 13885 | Orc:2    | Noticed an orc high priest
 13891 | Orc:2    | Killed an orc high priest
 13905 | Orc:2    | Reached skill level 1 in Spellcasting
 13905 | Orc:2    | Reached XP level 13. HP: 79/81 MP: 14/14
 14573 | D:11     | Reached skill level 10 in Fighting
 15111 | Lair:1   | Entered Level 1 of the Lair of Beasts
 16229 | Lair:2   | You fall into a shaft and drop 1 floor!
 16376 | Lair:2   | Found a frozen archway.
 16385 | Lair:2   | Reached skill level 10 in Stealth
 16392 | IceCv    | Entered an ice cave
 16544 | IceCv    | Reached skill level 5 in Shields
 16580 | IceCv    | Reached skill level 10 in Dodging
 16613 | IceCv    | Found the +8 lance "Wyrmbane" {slay drac, rPois rF+ rC+
                  | AC+3}
 17479 | Lair:3   | Found a runed translucent gate.
 17479 | Lair:3   | Found a runed translucent gate.
 17479 | Lair:3   | Found a runed translucent gate.
 17481 | Lair:3   | Found a staircase to the Shoals.
 17485 | Lair:3   | Noticed Qikipt's ghost (journeyman NaVM)
 17707 | Lair:3   | Reached skill level 5 in Spellcasting
 17721 | Lair:3   | Gained mutation: Your large and strong wings let you fly.
                  | [Gargoyle growth]
 17721 | Lair:3   | Reached XP level 14. HP: 87/88 MP: 17/21
 17832 | Lair:3   | Found a staircase to the Snake Pit.
 18356 | Lair:3   | Killed Qikipt's ghost
 18440 | Lair:4   | Found a dark tunnel.
 18458 | Volcano  | Entered a volcano
 18674 | Volcano  | Found a burning altar of Makhleb.
 19758 | Lair:4   | Found a viscous altar of Jiyva.
 19758 | Lair:4   | Found a staircase to the Slime Pits.
 20001 | Lair:5   | Entered Level 5 of the Lair of Beasts
 20298 | Lair:5   | Reached XP level 15. HP: 85/92 MP: 23/26
 21012 | Lair:5   | Reached skill level 10 in Shields
 21046 | Lair:5   | Identified the +6 short sword of Tisuhaops {vorpal, Stlth+}
 21156 | Lair:5   | Found a runed translucent door.
 21622 | Snake:1  | Entered Level 1 of the Snake Pit
 21623 | Snake:1  | Noticed Asterion
 21646 | Snake:1  | Killed Asterion
 22139 | Snake:1  | Noticed Louise
 22165 | Snake:1  | Killed Louise
 22566 | Snake:1  | Noticed Aizul
 22589 | Snake:1  | Killed Aizul
 22879 | Snake:2  | Reached skill level 10 in Spellcasting
 23268 | Snake:2  | Noticed a nagaraja
 23283 | Snake:2  | Killed a nagaraja
 23305 | Snake:2  | Noticed a nagaraja
 23329 | Snake:2  | Killed a nagaraja
 23331 | Snake:2  | Reached XP level 16. HP: 61/97 MP: 17/30
 23820 | Snake:2  | Noticed a nagaraja
 23833 | Snake:2  | Killed a nagaraja
 24004 | Snake:3  | Identified the +1 chain mail of the Fiend {rPois rC+ Str+3
                  | Int-3}
 24192 | Snake:3  | Noticed Donald
 24213 | Snake:2  | Killed Donald
 24256 | Snake:3  | Reached skill level 1 in Evocations
 24449 | Snake:3  | Reached skill level 15 in Dodging
 24784 | D:4      | Bought 2 scrolls of magic mapping for 210 gold pieces
 24784 | D:4      | Bought the +2 cloak of the Thief {*Fog Slay-2 SInv Stlth+}
                  | for 281 gold pieces
 24784 | D:4      | Found the +2 cloak of the Thief {*Fog Slay-2 SInv Stlth+}
 24784 | D:4      | Bought a wand of digging (2) for 117 gold pieces
 25082 | Snake:4  | Entered Level 4 of the Snake Pit
 25229 | Snake:4  | Reached skill level 5 in Evocations
 25414 | Snake:4  | Noticed a nagaraja
 25422 | Snake:4  | Killed a nagaraja
 25534 | Snake:3  | Noticed a nagaraja
 25561 | Snake:3  | Killed a nagaraja
 25562 | Snake:3  | Reached XP level 17. HP: 67/104 MP: 12/31
 25634 | Snake:3  | Identified 2 scrolls of acquirement
 25635 | Snake:3  | Acquired the +3 pair of mountain boots {steadfast, rC+}
 25635 | Snake:3  | Found the +3 pair of mountain boots {steadfast, rC+}
 25650 | Snake:3  | Acquired 545 gold pieces
 25837 | Snake:4  | Found Zuliucay's Jewellery Boutique.
 25837 | Snake:4  | Found Veadamam's Book Emporium.
 25838 | Snake:4  | Found Regif's Jewellery Boutique.
 26369 | Snake:4  | Noticed a quicksilver dragon
 26369 | Snake:4  | Noticed a quicksilver dragon
 26380 | Snake:4  | Killed a quicksilver dragon
 26388 | Snake:4  | Killed a quicksilver dragon
 26402 | Snake:4  | Got a serpentine rune of Zot
 26725 | Shoals:1 | Entered Level 1 of the Shoals
 27177 | Shoals:1 | Identified the +10 war axe "Zefoenink" {venom, rPois rN+
                  | Str+3 Int-4}
 27206 | Shoals:1 | Found a blossoming altar of Fedhas.
 27944 | Shoals:2 | Found a glowing silver altar of Zin.
 28969 | Shoals:3 | Found Tunekho's Jewellery Shoppe.
 28984 | Shoals:3 | Reached XP level 18. HP: 118/118 MP: 31/34
 29004 | Shoals:3 | Reached skill level 15 in Fighting
 29154 | Shoals:3 | Bought the necklace of Bloodlust {*Rage Will++ Int-3
                  | Slay+6} for 770 gold pieces
 29154 | Shoals:3 | Found the necklace of Bloodlust {*Rage Will++ Int-3 Slay+6}
 29548 | Shoals:3 | Identified the +5 short sword "Grom" {freeze, Str+2}
 30057 | Shoals:4 | Entered Level 4 of the Shoals
 30450 | Shoals:4 | Noticed Polyphemus
 30469 | Shoals:4 | Killed Polyphemus
 30498 | Shoals:4 | Found the +7 mace of Variability {chain chaos}
 30563 | Shoals:4 | Identified the +0 double sword "Buv Zeufar" {vorpal, Dex+3}
 30949 | Shoals:4 | Identified the +1 rapier "Concordance" {vorpal, Fragile
                  | rCorr Int+8}
 30951 | Shoals:4 | Got a barnacled rune of Zot
 31095 | Shoals:4 | Reached XP level 19. HP: 128/128 MP: 35/35
 31386 | Elf:1    | Entered Level 1 of the Elven Halls
 31903 | Elf:1    | Identified the +1 chain mail of Duck's Teeth {Harm}
 31954 | Elf:1    | Found Eloahata's Antique Armour Boutique.
 31962 | Elf:1    | Bought a glowing tower shield for 165 gold pieces
 32434 | Elf:1    | Got Sif Muna's Dissertation on Productive Striking
 32798 | Elf:2    | Paralysed by an air elemental for 1 turns
 33331 | Elf:2    | Found a runed translucent gate.
 33332 | Elf:2    | Found a runed translucent gate.
 33332 | Elf:2    | Found a runed translucent gate.
 34211 | Elf:3    | Entered Level 3 of the Elven Halls
 34471 | Elf:3    | Reached XP level 20. HP: 136/136 MP: 36/36
 34620 | Elf:3    | Reached skill level 15 in Shields
 34979 | Elf:3    | Identified the +6 hand axe of the Unkillable {vorpal, rF-
                  | Str+4 Dex+7 SInv}
 35105 | Elf:3    | Found the +3 Elemental Staff {rElec rF++ rC++ AC+5}
 35175 | Elf:3    | Found the +2 shield of Resistance {rF++ rC++ Will++}
 35186 | Elf:3    | Identified the +1 buckler "Asaukul" {-Tele rElec Will+
                  | Int+2}
 35218 | Elf:3    | Identified the +9 shortbow of the Messenger {freeze, rElec
                  | rF+ Str+3 Int-4}
 35253 | Elf:3    | Got the Commentary on Transposition
 35528 | Elf:3    | Identified the ring "Sunnu" {rF+ Will+ MP+9}
 37667 | D:13     | Noticed Rupert
 37673 | D:13     | Killed Rupert
 38456 | D:14     | Found a gate to the Vaults.
 39034 | D:14     | Noticed Jorgrun
 39050 | D:14     | Reached XP level 21. HP: 140/140 MP: 37/37
 39054 | D:14     | Killed Jorgrun
 39194 | D:15     | Entered Level 15 of the Dungeon
 39428 | D:15     | Found a staircase to the Depths.
 39437 | D:15     | Reached skill level 10 in Evocations
 39477 | D:15     | Found Byerghol's Antique Weapon Shoppe.
 39775 | D:15     | Found Setof's Weapon Shop.
 40258 | Vaults:1 | Entered Level 1 of the Vaults
 40325 | Vaults:1 | Found a magical portal.
 40353 | WizLab   | Entered Maxwell's Workshop
 40945 | WizLab   | Identified the +5 short sword "Kooruih" {vamp, +Blink rF+
                  | rN+ Dex+2}
 41033 | WizLab   | Identified the ring "Sietoym" {Fire rPois Str-2 Dex+2 SInv}
 41034 | WizLab   | Identified the ring of Peace {Ice Fly rElec Stlth-}
 41479 | Vaults:1 | Found a gateway to a bazaar.
 41488 | Bazaar   | Entered a bazaar
 41488 | Bazaar   | Found Ciaruet's Antique Weapon Boutique.
 41495 | Bazaar   | Found Rusmaosu's Jewellery Shoppe.
 41503 | Bazaar   | Found Laraiset's Distillery.
 41511 | Bazaar   | Bought a potion of heal wounds for 75 gold pieces
 41511 | Bazaar   | Bought 2 potions of cancellation for 240 gold pieces
 41514 | Bazaar   | Found Siurphis's General Store.
 41522 | Bazaar   | Bought the +8 demon blade "Leech" {vamp, Harm Drain rN+}
                  | for 543 gold pieces
 41522 | Bazaar   | Found the +8 demon blade "Leech" {vamp, Harm Drain rN+}
 41522 | Bazaar   | Bought a scroll of poison for 24 gold pieces
 41522 | Bazaar   | Bought a scroll of enchant weapon for 45 gold pieces
 41522 | Bazaar   | Bought a scroll of enchant armour for 45 gold pieces
 41527 | Bazaar   | Found Ebaepro's Antique Armour Emporium.
 41535 | Bazaar   | Bought a shimmering robe for 153 gold pieces
 41535 | Bazaar   | Identified the +5 robe of the Equinox {rC+ Int+4 Slay+3}
                  | (You bought it in a shop in a bazaar)
 41882 | Vaults:1 | Identified the +1 short sword of Waiqorph {vorpal, rElec
                  | rC- rN+ Dex+2}
 41945 | Vaults:1 | Identified the amulet "Acruim" {Spirit Harm Rampage rF-
                  | Int+9}
 42415 | Vaults:1 | Found the +8 longbow "Zephyr" {speed, Dex+3 SInv}
 43497 | Vaults:2 | Reached XP level 22. HP: 146/146 MP: 38/38
 43568 | Vaults:2 | Found a staircase to the Crypt.
 43775 | Vaults:2 | Found Caff's Magic Scroll Emporium.
 43806 | Vaults:2 | Bought a scroll of teleportation for 33 gold pieces
 43894 | Vaults:2 | Found a transporter.
 43904 | Vaults:2 | Found a transporter.
 43904 | Vaults:2 | Noticed Nekhlo's ghost (adept AtWr)
 43929 | Vaults:2 | Noticed a dread lich
 43932 | Vaults:2 | Found the ring of Shadows {Umbra +Inv Stlth+}
 44751 | Vaults:2 | Bought the +2 hood of the Assassin {Detection Stab+
                  | Stlth++} for 840 gold pieces
 44751 | Vaults:2 | Found the +2 hood of the Assassin {Detection Stab+ Stlth++}
 44751 | Vaults:2 | Bought the +3 Mad Mage's Maulers {Infuse+∞ RegenMP Int-3}
                  | for 560 gold pieces
 44751 | Vaults:2 | Found the +3 Mad Mage's Maulers {Infuse+∞ RegenMP Int-3}
 44928 | Vaults:3 | Reached skill level 15 in Stealth
 45995 | Vaults:3 | Found a transporter.
 46036 | Vaults:3 | Found a transporter.
 46342 | Vaults:3 | Identified the amulet of Lidd {Faith -Tele rCorr MP+9}
 46354 | Vaults:3 | Identified the ring of a Billion Hells {*Slow rPois Will+
                  | Dex+6 SInv}
 46376 | Vaults:3 | Identified the amulet of the Real Monster {Reflect +Blink
                  | Str+4 SH+5}
 46460 | Vaults:3 | Identified the +4 cloak of Theory {Regen+ rCorr Int+5}
 46749 | Vaults:4 | Noticed an ancient lich
 46768 | Vaults:4 | Killed an ancient lich
 46910 | Vaults:4 | Reached XP level 23. HP: 156/156 MP: 0/39
 47921 | Vaults:4 | Identified the +1 pair of gloves "Fenimem" {rN+++ Str-4
                  | Dex-2 Stlth+}
 48867 | Vaults:5 | Entered Level 5 of the Vaults
 48871 | Vaults:5 | Noticed Boris
 48928 | Vaults:5 | Killed Boris
 49001 | Vaults:5 | Noticed Mennas
 49006 | Vaults:5 | Killed Mennas
 49232 | Vaults:5 | Identified the ring "Tyulocw" {rC+ rN+}
 49314 | Vaults:5 | Found Kaal's Magic Scroll Shoppe.
 49320 | Vaults:5 | Bought a scroll of teleportation for 45 gold pieces
 49529 | Vaults:5 | Found Firessopn's Magic Scroll Shop.
 49529 | Vaults:5 | Found Xalaiqax's Magic Scroll Emporium.
 49643 | Vaults:5 | Bought a scroll of enchant weapon for 112 gold pieces
 49653 | Vaults:5 | Bought a scroll of blinking for 112 gold pieces
 49653 | Vaults:5 | Bought a scroll of blinking for 112 gold pieces
 49653 | Vaults:5 | Bought a scroll of brand weapon for 142 gold pieces
 49784 | Vaults:5 | Reached XP level 24. HP: 163/163 MP: 0/39
 50044 | Vaults:5 | Identified the +5 shortbow of Katabb {flame, rElec rPois
                  | rF+ Int-4}
 50413 | Vaults:5 | Noticed Jory
 50425 | Vaults:5 | Killed Jory
 50515 | Vaults:5 | Got a silver rune of Zot
 50589 | Vaults:5 | Noticed an ancient lich
 50602 | Vaults:5 | Killed an ancient lich
 50810 | Vaults:5 | Identified the amulet of Xom's Whimsicality {Spirit Rampage
                  | rN+ Str-5}
 51030 | Vaults:5 | Found Syleiz's Distillery.
 51035 | Vaults:5 | Bought a potion of heal wounds for 95 gold pieces
 51035 | Vaults:5 | Bought a potion of haste for 190 gold pieces
 51035 | Vaults:5 | Bought 2 potions of invisibility for 304 gold pieces
 51035 | Vaults:5 | Bought a potion of mutation for 152 gold pieces
 51035 | Vaults:5 | Bought a potion of resistance for 190 gold pieces
 51035 | Vaults:5 | Bought a potion of berserk rage for 95 gold pieces
 51045 | Vaults:5 | Found Yneceq's Magic Scroll Boutique.
 51109 | Vaults:5 | Bought a scroll of teleportation for 54 gold pieces
 51109 | Vaults:5 | Bought a scroll of blinking for 135 gold pieces
 51109 | Vaults:5 | Bought a scroll of blinking for 135 gold pieces
 51109 | Vaults:5 | Bought a scroll of fear for 72 gold pieces
 51109 | Vaults:5 | Bought a scroll of enchant weapon for 135 gold pieces
 51109 | Vaults:5 | Bought a scroll of teleportation for 54 gold pieces
 51109 | Vaults:5 | Bought a scroll of fear for 72 gold pieces
 51109 | Vaults:5 | Bought a scroll of brand weapon for 171 gold pieces
 51321 | Vaults:5 | Noticed Mara
 51332 | Vaults:5 | Noticed holysushi's illusion
 51332 | Vaults:5 | Killed Mara
 51421 | Vaults:5 | Found Nedaete's Distillery.
 51421 | Vaults:5 | Noticed a dread lich
 51424 | Vaults:5 | Killed a dread lich
 51477 | Vaults:5 | Bought a potion of mutation for 168 gold pieces
 51971 | Depths:1 | Entered Level 1 of the Depths
 52248 | Depths:1 | Found a one-way gateway to a ziggurat.
 52350 | Depths:1 | Found Voepn's Elemental Accessories.
 52469 | Depths:1 | Noticed the Enchantress
 52478 | Depths:1 | Killed the Enchantress
 52574 | Depths:1 | Found a gateway to Hell.
 52587 | Depths:1 | Paralysed by a floating eye for 2 turns
 52677 | Depths:1 | Reached XP level 25. HP: 168/168 MP: 0/39
 53428 | Depths:1 | Bought a fading leather armour for 287 gold pieces
 53428 | Depths:1 | Identified the +3 leather armour of Fixkeak {Rampage Regen+
                  | MP+9} (You bought it in a shop on level 1 of the Depths)
 53428 | Depths:1 | Bought a faintly humming leather armour for 287 gold pieces
 53428 | Depths:1 | Identified the +1 leather armour of Least Resistance
                  | {Int+6} (You bought it in a shop on level 1 of the Depths)
 53764 | Depths:2 | Found Maskutsuu's Self-Improvement Boutique.
 53782 | Depths:2 | Reached skill level 15 in Long Blades
 53845 | Depths:2 | Bought a manual of Long Blades for 1520 gold pieces
 54862 | Depths:2 | Got the Tractate on Blasts and Hypothermia
 54970 | Depths:2 | Found a one-way gate leading to the halls of Pandemonium.
 55626 | Depths:3 | Identified the ring "Tiklyag" {Ice Will++}
 55626 | Depths:3 | Noticed Josephina
 55636 | Depths:3 | Killed Josephina
 55782 | Depths:3 | Reached skill level 5 in Armour
 56152 | Depths:3 | Found a one-way gate to the infinite horrors of the Abyss.
 57217 | Depths:4 | Entered Level 4 of the Depths
 57251 | Depths:4 | Found Xeezaw's Weapon Boutique.
 57253 | Depths:4 | Found Boreki's Distillery.
 57256 | Depths:4 | Found Qugos's Armour Boutique.
 57263 | Depths:4 | Bought the +8 orange crystal plate armour {Archmagi, Int+3
                  | Clar} for 3034 gold pieces
 57263 | Depths:4 | Found the +8 orange crystal plate armour {Archmagi, Int+3
                  | Clar}
 57723 | Depths:4 | Found a gate to the Realm of Zot.
 59172 | Hell     | Entered the Vestibule of Hell
 59172 | Hell     | Noticed Geryon
 59174 | Hell     | Reached XP level 26. HP: 177/177 MP: 0/39
 59183 | Hell     | Killed Geryon
 59338 | Hell     | Noticed an ancient lich
 59340 | Hell     | Found a gateway to the decaying netherworld of Tartarus.
 59346 | Hell     | Killed an ancient lich
 59901 | Hell     | Found a gateway to the Iron City of Dis.
 60338 | Hell     | Found a gateway to the ashen valley of Gehenna.
 60459 | Hell     | Found a gateway to the freezing wastes of Cocytus.
 60763 | Hell     | Upgraded the game from 0.30-a0-462-gd5975efbca to
                  | 0.30-a0-465-g8901f6c8b5
 61079 | Crypt:1  | Entered Level 1 of the Crypt
 61146 | Crypt:1  | Noticed Vv
 61150 | Crypt:1  | Killed Vv
 61237 | Crypt:1  | Noticed Frederick
 61241 | Crypt:1  | Killed Frederick
 61483 | Crypt:1  | Found the amulet of Vitality {RegenMP++ Regen++}
 61485 | Crypt:1  | Noticed Khufu
 61561 | Crypt:1  | Killed Khufu
 61614 | Crypt:1  | Noticed a royal mummy
 61617 | Crypt:1  | Killed a royal mummy
 61730 | Crypt:1  | Reached skill level 10 in Armour
 62098 | Crypt:1  | Noticed Xtahua
 62105 | Crypt:1  | Killed Xtahua
 64352 | Crypt:3  | Entered Level 3 of the Crypt
 65523 | Crypt:3  | Reached XP level 27. HP: 184/184 MP: 0/39
 65752 | Crypt:3  | Noticed a dread lich
 65754 | Crypt:3  | Killed a dread lich
 65756 | Crypt:3  | Identified the ring "Jughobb" {rF+ rN+ Int+2}
 65756 | Crypt:3  | Identified the ring of Patience {rN+ Dex+3}
 66086 | Crypt:3  | Found an ancient bone altar of Kikubaaqudgha.
 67148 | Crypt:3  | Found a staircase to the Tomb.
 67148 | Crypt:3  | Noticed a royal mummy
 67156 | Crypt:3  | Killed a royal mummy
 67795 | Crypt:3  | Identified the +6 ring mail of the Contumacious God {rF-
                  | rC+ Dex+2}
 67953 | Tomb:1   | Entered Level 1 of the Tomb of the Ancients
 68439 | Tomb:1   | Reached skill level 15 in Armour
 69539 | Tomb:1   | Identified the +7 chain mail "Jebonwaz" {*Slow rC+ Str-2
                  | Dex+6}
 69772 | Tomb:2   | Noticed a royal mummy
 69772 | Tomb:2   | Noticed a royal mummy
 69788 | Tomb:2   | Killed a royal mummy
 69798 | Tomb:2   | Noticed a royal mummy
 69798 | Tomb:2   | Noticed a royal mummy
 69900 | Tomb:2   | Noticed a royal mummy
 69917 | Tomb:2   | Killed a royal mummy
 70025 | Tomb:2   | Killed a royal mummy
 70076 | Tomb:2   | Killed a royal mummy
 70104 | Tomb:2   | Killed a royal mummy
 70740 | Tomb:1   | Noticed a royal mummy
 70740 | Tomb:1   | Noticed a royal mummy
 70740 | Tomb:1   | Noticed a royal mummy
 70744 | Tomb:1   | Killed a royal mummy
 71056 | Tomb:1   | Killed a royal mummy
 71070 | Tomb:1   | Killed a royal mummy
 71091 | Tomb:1   | Noticed a royal mummy
 71093 | Tomb:1   | Noticed a royal mummy
 71102 | Tomb:1   | Killed a royal mummy
 71117 | Tomb:1   | Killed a royal mummy
 71126 | Tomb:1   | Noticed a royal mummy
 71133 | Tomb:1   | Killed a royal mummy
 71197 | Tomb:1   | Noticed a royal mummy
 71212 | Tomb:1   | Killed a royal mummy
 71268 | Tomb:1   | Noticed a royal mummy
 71268 | Tomb:1   | Noticed a royal mummy
 71270 | Tomb:1   | Noticed a royal mummy
 71272 | Tomb:1   | Killed a royal mummy
 71277 | Tomb:1   | Noticed a royal mummy
 71279 | Tomb:1   | Killed a royal mummy
 71285 | Tomb:1   | Noticed a royal mummy
 71288 | Tomb:1   | Killed a royal mummy
 71298 | Tomb:1   | Noticed a royal mummy
 71310 | Tomb:1   | Killed a royal mummy
 71561 | Tomb:1   | Killed a royal mummy
 71651 | Tomb:1   | Killed a royal mummy
 71715 | Tomb:1   | Noticed a royal mummy
 71717 | Tomb:1   | Noticed a royal mummy
 71720 | Tomb:1   | Killed a royal mummy
 71733 | Tomb:1   | Killed a royal mummy
 71802 | Tomb:1   | Noticed a royal mummy
 71806 | Tomb:1   | Killed a royal mummy
 71889 | Tomb:1   | Noticed a royal mummy
 71910 | Tomb:1   | Killed a royal mummy
 71977 | Tomb:1   | Noticed a royal mummy
 71990 | Tomb:1   | Killed a royal mummy
 72495 | Tomb:3   | Entered Level 3 of the Tomb of the Ancients
 72527 | Tomb:3   | Noticed Boris
 72539 | Tomb:3   | Killed Boris
 72613 | Tomb:3   | Found the +7 lajatang of Order {silver, rMut}
 72626 | Tomb:3   | Identified the amulet "Plog" {Acrobat Harm Str-2 Dex+7}
 72634 | Tomb:3   | Identified the ring of Qaroixeh {rElec AC+4 Str+4}
 72918 | Tomb:3   | Noticed a royal mummy
 72925 | Tomb:3   | Noticed a royal mummy
 72939 | Tomb:3   | Killed a royal mummy
 72980 | Tomb:3   | Killed a royal mummy
 73015 | Tomb:3   | Noticed a royal mummy
 73027 | Tomb:3   | Killed a royal mummy
 73110 | Tomb:3   | Noticed a royal mummy
 73141 | Tomb:3   | Killed a royal mummy
 73250 | Tomb:3   | Identified the +4 flail "Rilovata" {vamp, rN++ Will++ MP+9}
 73271 | Tomb:3   | Identified the +1 plate armour "Jabupt" {rElec rN+ Will+
                  | Dex+3}
 73292 | Tomb:3   | Identified the +5 trident of a wizard's laboratory {flame,
                  | rC+ Int+4 Dex+2}
 73435 | Tomb:3   | Noticed a royal mummy
 73467 | Tomb:3   | Killed a royal mummy
 73537 | Tomb:3   | Noticed a royal mummy
 73551 | Tomb:3   | Killed a royal mummy
 73563 | Tomb:3   | Noticed a royal mummy
 73568 | Tomb:3   | Noticed a royal mummy
 73628 | Tomb:3   | Killed a royal mummy
 73674 | Tomb:3   | Noticed a royal mummy
 73716 | Tomb:3   | Killed a royal mummy
 73727 | Tomb:3   | Killed a royal mummy
 74162 | Tomb:3   | Got a golden rune of Zot
 74587 | Vaults:1 | Bought a potion of mutation for 160 gold pieces
 74587 | Vaults:1 | Bought a potion of heal wounds for 100 gold pieces
 74591 | Vaults:1 | Bought a faintly humming leather armour for 203 gold pieces
 74591 | Vaults:1 | Identified the +1 leather armour of Fortification {Rampage}
                  | (You bought it in a shop on level 1 of the Vaults)
 74591 | Vaults:1 | Bought a translucent ring mail for 261 gold pieces
 74591 | Vaults:1 | Identified the +5 ring mail of the Little Devil {+Inv
                  | Int+3} (You bought it in a shop on level 1 of the Vaults)
 74591 | Vaults:1 | Bought a silken robe for 165 gold pieces
 74591 | Vaults:1 | Identified the +0 robe "Mopouzoe" {rCorr} (You bought it in
                  | a shop on level 1 of the Vaults)
 74596 | Vaults:1 | Bought a slimy robe for 205 gold pieces
 74596 | Vaults:1 | Identified the +1 robe "Seyho" {Str+3 SInv} (You bought it
                  | in a shop on level 1 of the Vaults)
 74596 | Vaults:1 | Bought a masterwork chain mail for 342 gold pieces
 74596 | Vaults:1 | Identified the +1 chain mail "Luthoh" {rF+ rC+ rN+} (You
                  | bought it in a shop on level 1 of the Vaults)
 74596 | Vaults:1 | Bought a heavily runed ring mail for 324 gold pieces
 74596 | Vaults:1 | Identified the +1 ring mail "Bugoo" {rPois Int+4} (You
                  | bought it in a shop on level 1 of the Vaults)
 74596 | Vaults:1 | Bought a crude chain mail for 342 gold pieces
 74596 | Vaults:1 | Identified the +5 chain mail of the Charming Gods {rElec
                  | rN+} (You bought it in a shop on level 1 of the Vaults)
 74596 | Vaults:1 | Bought a heavily runed scale mail for 324 gold pieces
 74596 | Vaults:1 | Identified the +3 scale mail of Death Resistance {-Tele
                  | Harm rC+ Dex+2} (You bought it in a shop on level 1 of the
                  | Vaults)
 74877 | Zot:1    | Entered Level 1 of the Realm of Zot
 74998 | Zot:1    | Found a transporter.
 75252 | Zot:1    | Found a transporter.
 76143 | Zot:1    | Noticed an ancient lich
 76179 | Zot:1    | Killed an ancient lich
 76223 | Zot:1    | Identified the ring "Fueffib" {rPois Will+ MP+9 Str+4
                  | Int+4}
 76232 | Zot:1    | Identified the ring "Jyklue" {Wiz Str+3}
 76277 | Zot:1    | Bought a scroll of teleportation for 51 gold pieces
 76283 | Zot:1    | Bought the +1 ring mail "Dogiler" {Will+++ MP-9 Dex+7} for
                  | 437 gold pieces
 76283 | Zot:1    | Bought the +3 pair of seven-league boots {Rampage+∞} for
                  | 440 gold pieces
 76283 | Zot:1    | Found the +3 pair of seven-league boots {Rampage+∞}
 78073 | Zot:3    | Noticed an orb of fire
 78088 | Zot:3    | Killed an orb of fire
 78793 | Zot:3    | Noticed an ancient lich
 78826 | Zot:3    | Killed an ancient lich
 80815 | Zot:4    | Noticed an orb of fire
 80835 | Zot:4    | Gained mutation: You are frail. (-10% HP) [an orb of fire]
 80844 | Zot:4    | Gained mutation: You sometimes lose your temper in combat.
                  | [an orb of fire]
 80847 | Zot:4    | Killed an orb of fire
 80961 | Zot:4    | Identified the +11 mace of Oxke {flame, Dex+5}
 81747 | Zot:5    | Entered Level 5 of the Realm of Zot
 82360 | Zot:5    | Paralysed by a Zot trap for 4 turns
 82853 | Zot:5    | Noticed a dread lich
 82853 | Zot:5    | Noticed an ancient lich
 82863 | Zot:5    | Killed an ancient lich
 82879 | Zot:5    | Killed a dread lich
 82902 | Zot:5    | Noticed an orb of fire
 82904 | Zot:5    | Noticed an ancient lich
 83193 | Zot:5    | Noticed an orb of fire
 83401 | Zot:5    | Noticed a dread lich
 83418 | Zot:5    | Killed a dread lich
 83432 | Zot:5    | Killed an orb of fire
 83446 | Zot:5    | Killed an ancient lich
 83716 | Zot:5    | Noticed an orb of fire
 83716 | Zot:5    | Gained mutation: Your spells are a little easier to cast,
                  | but a little less powerful. [an orb of fire]
 83722 | Zot:5    | Gained mutation: You occasionally lose the ability to drink
                  | potions when taking damage. [an orb of fire]
 83723 | Zot:5    | Killed an orb of fire
 83733 | Zot:5    | Noticed a dread lich
 83753 | Zot:5    | Gained mutation: Armour fits poorly on your strangely
                  | shaped body. [mutagenic glow]
 83777 | Zot:5    | Gained mutation: You are weak. (Str -2) [mutagenic glow]
 83804 | Zot:5    | Gained mutation: You are clumsy. (Dex -2) [mutagenic glow]
 84212 | Zot:5    | Killed an orb of fire
 84549 | Zot:5    | Noticed a dread lich
 84553 | Zot:5    | Killed a dread lich
 84576 | Zot:5    | Killed a dread lich
 84715 | Zot:5    | Noticed an ancient lich
 84717 | Zot:5    | Noticed an ancient lich
 84719 | Zot:5    | Killed an ancient lich
 84723 | Zot:5    | Killed an ancient lich
 84783 | Zot:5    | Lost mutation: Your natural rate of healing is unusually
                  | fast. [potion of mutation]
 84783 | Zot:5    | Lost mutation: You are clumsy. (Dex -2) [potion of
                  | mutation]
 84783 | Zot:5    | Lost mutation: Armour fits poorly on your strangely shaped
                  | body. [potion of mutation]
 84783 | Zot:5    | Gained mutation: Potions are less effective at restoring
                  | your health. [potion of mutation]
 84783 | Zot:5    | Lost mutation: Potions are less effective at restoring your
                  | health. [potion of mutation]
 84784 | Zot:5    | Lost mutation: You are frail. (-10% HP) [potion of
                  | mutation]
 84784 | Zot:5    | Lost mutation: A frigid envelope surrounds you and freezes
                  | all who hurt you. [potion of mutation]
 84784 | Zot:5    | Lost mutation: Your spells are a little easier to cast, but
                  | a little less powerful. [potion of mutation]
 84784 | Zot:5    | Gained mutation: You are agile. (Dex +4, Str/Int -1)
                  | [potion of mutation]
 84784 | Zot:5    | Gained mutation: You have hidden genetic defects. [potion
                  | of mutation]
 84785 | Zot:5    | Lost mutation: You have hidden genetic defects. [potion of
                  | mutation]
 84785 | Zot:5    | Lost mutation: You are agile. (Dex +4, Str/Int -1) [potion
                  | of mutation]
 84785 | Zot:5    | Lost mutation: You passively dampen the noise of your
                  | surroundings. [potion of mutation]
 84785 | Zot:5    | Gained mutation: You have a beak for a mouth. [potion of
                  | mutation]
 84786 | Zot:5    | Lost mutation: You sometimes lose your temper in combat.
                  | [potion of mutation]
 84786 | Zot:5    | Lost mutation: You are weak. (Str -2) [potion of mutation]
 84786 | Zot:5    | Lost mutation: You have a beak for a mouth. [potion of
                  | mutation]
 84786 | Zot:5    | Gained mutation: Your mind is acute. (Int +4, Str/Dex -1)
                  | [potion of mutation]
 84786 | Zot:5    | Gained mutation: You have large cloven feet. [potion of
                  | mutation]
 84787 | Zot:5    | Lost mutation: You have large cloven feet. [potion of
                  | mutation]
 84787 | Zot:5    | Lost mutation: You occasionally lose the ability to drink
                  | potions when taking damage. [potion of mutation]
 84787 | Zot:5    | Gained mutation: You have sharp toenails. [potion of
                  | mutation]
 85004 | Depths:3 | Voluntarily entered the Abyss.
 85913 | Abyss:5  | Found a corrupted altar of Lugonu.
 85933 | Abyss:5  | Found a corrupted altar of Lugonu.
 86013 | Abyss:5  | Got an abyssal rune of Zot
 86016 | Depths:3 | Escaped the Abyss
 86451 | Slime:1  | Entered Level 1 of the Pits of Slime
 86538 | Slime:2  | Gained mutation: Your magical capacity is low. (-10% MP) [a
                  | shining eye]
 86567 | Slime:1  | Gained mutation: You are frail. (-10% HP) [a shining eye]
 87074 | Slime:5  | Entered Level 5 of the Pits of Slime
 87909 | Slime:5  | Found a viscous altar of Jiyva.
 87909 | Slime:5  | Noticed the Royal Jelly
 87911 | Slime:5  | Found the amulet of the Four Winds {rN+ Will+++ Clar}
 88491 | Slime:4  | Lost mutation: You have sharp toenails. [potion of
                  | mutation]
 88491 | Slime:4  | Lost mutation: Your magical capacity is low. (-10% MP)
                  | [potion of mutation]
 88491 | Slime:4  | Gained mutation: Your muscles are strong. (Str +4, Int/Dex
                  | -1) [potion of mutation]
 88492 | Slime:4  | Lost mutation: Your mind is acute. (Int +4, Str/Dex -1)
                  | [potion of mutation]
 88492 | Slime:4  | Lost mutation: You are frail. (-10% HP) [potion of
                  | mutation]
 88492 | Slime:4  | Lost mutation: Your muscles are strong. (Str +4, Int/Dex
                  | -1) [potion of mutation]
 88492 | Slime:4  | Gained mutation: You are agile. (Dex +4, Str/Int -1)
                  | [potion of mutation]
 88492 | Slime:4  | Gained mutation: You have supernaturally acute eyesight.
                  | (SInv) [potion of mutation]
 88507 | Slime:5  | Killed the Royal Jelly
 88841 | Slime:5  | Got the Anthology of Kindling
 88896 | Slime:5  | Identified the +5 leather armour of Loridud {Str+4 Stlth+}
 88915 | Slime:5  | Identified the ring "Vodaumar" {Wiz rElec rCorr}
 88930 | Slime:5  | Got a slimy rune of Zot
 89375 | Dis:1    | Entered Level 1 of the Iron City of Dis
 89554 | Dis:1    | Noticed a royal mummy
 89555 | Dis:1    | Noticed a royal mummy
 89558 | Dis:1    | Noticed a dread lich
 89559 | Dis:1    | Noticed an ancient lich
 89562 | Dis:1    | Killed a royal mummy
 89645 | Dis:1    | Killed a dread lich
 89652 | Dis:1    | Killed an ancient lich
 89679 | Dis:1    | Killed a royal mummy
 89796 | Coc:1    | Entered Level 1 of Cocytus
 89940 | Coc:2    | Noticed an ancient lich
 90035 | Coc:2    | Killed an ancient lich
 91397 | Coc:7    | Entered Level 7 of Cocytus
 91707 | Coc:7    | Got the Almanac of Excruciating Impurities
 91759 | Coc:7    | Identified the +12 crystal plate armour of Vehumet's
                  | Generosity {rF+ rCorr}
 91776 | Coc:7    | Identified the +2 pair of gloves of Lugonu's Delight {+Inv
                  | Str+3 Dex+2}
 91781 | Coc:7    | Identified the +1 leather armour of Tinat {-Cast Rampage
                  | *Corrode Str+5 Stlth+}
 92044 | Coc:7    | Noticed Antaeus
 92664 | Coc:7    | Killed Antaeus
 92729 | Coc:7    | Got an icy rune of Zot
 93025 | Geh:1    | Entered Level 1 of Gehenna
 94002 | Geh:4    | Found a runed translucent gate.
 94002 | Geh:4    | Found a runed translucent gate.
 94002 | Geh:4    | Found a runed translucent gate.
 94003 | Geh:4    | Found a runed translucent gate.
 94003 | Geh:4    | Found a runed translucent gate.
 94004 | Geh:4    | Found a runed translucent gate.
 94004 | Geh:4    | Found a runed translucent gate.
 94004 | Geh:4    | Found a runed translucent gate.
 94004 | Geh:4    | Found a runed translucent gate.
 94004 | Geh:4    | Found a runed translucent gate.
 94004 | Geh:4    | Found a runed translucent gate.
 94004 | Geh:4    | Found a runed translucent gate.
 94581 | Geh:6    | Noticed an ancient lich
 94595 | Geh:6    | Killed an ancient lich
 94732 | Geh:7    | Entered Level 7 of Gehenna
 95761 | Geh:7    | Got the Codex of Dislocation and Venin
 95931 | Geh:7    | Found the +7 sceptre of Asmodeus
 95931 | Geh:7    | Noticed Asmodeus
 96403 | Geh:7    | Killed Asmodeus
 96448 | Geh:7    | Got an obsidian rune of Zot
 96679 | Tar:1    | Entered Level 1 of Tartarus
 97741 | Tar:3    | You are sucked into a shaft and drop 3 floors!
 97768 | Tar:7    | Entered Level 7 of Tartarus
 99527 | Tar:7    | Identified the +8 whip of the Demagogue {flame, rN+ rCorr}
 99817 | Tar:7    | Noticed Ereshkigal
 99837 | Tar:7    | Paralysed by Ereshkigal for 2 turns
 99843 | Tar:7    | Killed Ereshkigal
 99894 | Tar:7    | Identified the ring "Juvohorchij" {rPois rF+ rC- Will++}
 99897 | Tar:7    | Identified the ring "Dymechoi" {Fly AC+4 Int+3}
 99898 | Tar:7    | Identified the +11 spear of Xuygheick {venom, rElec rPois
                  | Int-4 Stlth+}
 99899 | Tar:7    | Found the +3 crown of Dyrovepreva {rElec Int+2 SInv}
 99906 | Tar:7    | Got a bone rune of Zot
 99908 | Tar:7    | Identified the +2 scale mail "Medeclia" {rN+ Stlth+}
 99910 | Tar:7    | Got the Grimoire of Snow and Transmogrification
100969 | Dis:3    | Killed from afar by an iron giant

Illustrated notes

Levels and vault maps discovered:
D:1:      dpeg_arrival_leaves_temple_mockup, layout_basic,
          ebering_ecumenical_altar_ruins
D:2:      layout_basic, amcnicky_mini_pool_small, minmay_misc_feat_diagonals,
          uniq_crazy_yiuf_cottage
D:3:      layout_basic, nicolae_overflow_hidden_temple, lemuel_blue_sif_altar,
          portal_sewer_entry_a
D:4:      layout_gridville, serial_shops, nicolae_shop_statue_plus,
          nicolae_shop_statue_plus, shop, shop, nicolae_shop_overgrown_old_shop,
          uniq_robin
D:5:      layout_gridville
D:6:      layout_basic, lemuel_zombie_altar_kikubaaqudgha, serial_shops,
          kennysheep_little_box, nicolae_stop_n_shop_2
D:7:      layout_loops_corners, minmay_temple_entry_oklob, enter_bailey_3,
          uniq_joseph, uniq_maggie
D:8:      layout_gridville, kennysheep_mini_moat, gup_ossuary_entry_pyramid
D:9:      layout_loops_ring, hiddenorc2_lemuel, serial_undead, serial_undead_b,
          serial_undead_e, serial_undead_e, serial_undead_a, serial_undead_d,
          serial_undead_e, serial_undead_e, serial_undead_f, minivault_13
D:10:     layout_basic, amcnicky_altar_gilded, dpeg_lair_monsters
D:11:     layout_roguey, hangedman_decor_slide_cut
D:12:     kennysheep_ambush_hall, layout_irregular_city
D:13:     layout_loops_corners, serial_glass, glass_columns_b, glass_columns_b,
          minmay_crystal_room, uniq_rupert
D:14:     layout_small_grid, grunt_vaults_entry_fortified, minivault_19,
          small_chamber_with_monster, uniq_jorgrun
D:15:     grunt_enter_depths_snipers, layout_cave_pods, serial_shops, shop,
          nicolae_shop_crystal, hangedman_decor_opposing, minmay_evil_grid
Temple:   minmay_temple_bridge_d
Lair:1:   layout_hall_layers, serial_bayou_shore_a, lemuel_fruit_fields,
          grunt_megastairs_2
Lair:2:   layout_cave_pods, portal_ice_cave_entry_pillars_1,
          chequers_serial_rivers_micro_b, infiniplex_staircase_pool,
          serial_bayou_shore_b, grunt_megastairs_4
Lair:3:   layout_gridlike, minmay_shoals_entry_beasts,
          minmay_snake_entry_six_corridors, ebering_ghost_rock_garden,
          chequers_serial_rivers_micro_b
Lair:4:   layout_cave_pods, minmay_slime_entry_oklob_enclosed, enter_volcano_2
Lair:5:   wormcave, layout_regular_city, guppyfry_lair_end_dragon,
          nicolae_lair_yak_garden
Shoals:1: layout_shoals, lemuel_centaur_altar
Shoals:2: layout_shoals, lemuel_altar_in_water
Shoals:3: layout_shoals, serial_shops, shop, nicolae_shoals_kraken_intersection
Shoals:4: shoals_end_hellmonk_lost_city, uniq_polyphemus
Snake:1:  layout_misc_corridors, nicolae_triple_integral, uniq_asterion,
          uniq_louise, uniq_aizul
Snake:2:  layout_onion
Snake:3:  layout_grid_shapes, drop_trap, grunt_megastairs_3, uniq_donald
Snake:4:  hellmonk_snake_rune_quicksilver_temple, layout_rooms, st_stairs_9,
          drop_trap, hangedman_snake_corridor_split, minmay_shop_grove
Slime:1:  layout_caves
Slime:2:  layout_caves
Slime:3:  layout_caves
Slime:4:  layout_caves, cheibrodos_slime_lost_civilization_7
Slime:5
Orc:1:    layout_caves
Orc:2:    grunt_orc_cross, layout_diamond_mine, basic_altar,
          lightli_church_of_beogh
Elf:1:    eino_elf_arrival_customs, layout_geoelf_grid, serial_shops,
          nicolae_shop_hallway_stairs, minmay_elf_sorcery, patterned_corridor
Elf:2:    nicolae_elf_blades_crystal_corner, layout_loops_ring,
          hangedman_elf_disciples
Elf:3:    grunt_elf_hall_branching, layout_gridlike
Vaults:1: lightli_enter_wizlab_magi_temple, nicolae_vaults_yaktaur_gun_rack,
          v_misc_27, v_misc_18, grunt_vaults_twisty,
          hangedman_vaults_hard_town_square, v_alt_pattern_1, v_misc_9,
          nicolae_vaults_specimen_jars, hangedman_vaults_trim,
          vaults_room_pools, layout_vaults_chaotic_city, serial_shops,
          bzr_firewalk
Vaults:2: gammafunk_ghost_mausoleum, nicolae_vaults_network_quincunx
          [nicolae_vaults_network_quincunx_subvault,
          nicolae_vaults_network_quincunx_subvault,
          nicolae_vaults_network_quincunx_subvault,
          nicolae_vaults_network_quincunx_subvault,
          nicolae_vaults_network_quincunx_subvault],
          minmay_crypt_entry_simple_box, vaults_mumra_hexcomb, v_pattern_3,
          nicolae_vaults_statue_guard, vaults_dpeg_encased_lava,
          ontoclasm_vaults_spin, ontoclasm_vaults_chip, layout_vaults_omnicross,
          serial_shops, nicolae_lakefront_shop
Vaults:3: nicolae_vaults_little_squares_6, grunt_vaults_swirl,
          vaults_standard_mumra_lines, vaults_room_large_hall, v_misc_25,
          gammafunk_dig_for_victory, nicolae_vaults_hallways_thing,
          nicolae_vaults_circle_grid_a, dpeg_vaults_monster_box, v_rooms_1,
          ontoclasm_vaults_fault, vaults_room_fours, layout_vaults_maze,
          uniq_margery
Vaults:4: nicolae_vaults_little_squares_4, ontoclasm_vaults_loading_screen,
          vaults_room_pools, hangedman_vaults_slice, st_quartered_hall,
          nicolae_vaults_stairing_the_circle, nicolae_vaults_ninety_degrees,
          vaults_mumra_minichess_inversion, nicolae_vaults_circle_grid_b,
          nicolae_vaults_alarming, vaults_dpeg_spiral,
          grunt_vaults_hallway_long, vaults_room_fancy_cross, layout_vaults_ring
Vaults:5: uniq_boris, uniq_jory, uniq_mara, uniq_mennas
Crypt:1:  ragdoll_tomb_raider, layout_chaotic_city, st_stairs_2,
          grunt_ministairs_13, corner_web_ring, uniq_xtahua, uniq_frederick,
          uniq_vv
Crypt:2:  layout_gridlike, grunt_ministairs_2, minivault_27,
          minmay_misc_feat_five
Crypt:3:  evilmike_haunted_forest
Tomb:1
Tomb:2
Tomb:3
Depths:1: layout_honeycomb, enter_ziggurat_f, hellmouth_3,
          nicolae_elemental_shop, serial_bayou_lagoon_a,
          chequers_serial_rivers_small_a, lemuel_nasty_fountain,
          uniq_enchantress
Depths:2: grunt_double_whammy, layout_gridlike, pan_entry,
          nicolae_elevator_lobby_asterisk, hell_entry, nicolae_shop_self_help
Depths:3: kennysheep_ogre_elephant_herders, layout_gridville,
          minmay_room_of_horrors, hell_entry, chequers_serial_rivers_small_b,
          minmay_splitting_lines, uniq_josephina
Depths:4: grunt_zot_entry_funnels, layout_cave_shapes, roderic_roman_lattice,
          grunt_hell_horde, minmay_shop_star
Hell
Dis:1:    layout_gridville, lemuel_mystery_crypt
Dis:2:    layout_gridville
Dis:3:    layout_subdivisions
Geh:1:    layout_gehenna_lava_caves
Geh:2:    layout_gehenna_pools_box, nicolae_geh_rippling_lava
Geh:3:    layout_gehenna_pools_basic
Geh:4:    layout_gehenna_lava_caves, nicolae_geh_backdraft
Geh:5:    nicolae_geh_tyrants_menagerie, layout_gehenna_pools_triple
Geh:6:    layout_gehenna_pools_triple, lemuel_flamethrower_2
Geh:7:    geh_old
Coc:1:    layout_ice_bergs
Coc:2:    layout_cocytus_delve
Coc:3:    layout_ice_bergs
Coc:4:    layout_ice_bergs
Coc:5:    layout_ice_bergs
Coc:6:    layout_cocytus_water_paths
Coc:7:    coc_dpeg
Tar:1:    layout_cathedral_of_symmetry
Tar:2:    layout_honeycomb
Tar:3:    layout_grid_maze
Tar:6:    layout_catacombs
Tar:7:    tar_minmay_river
Zot:1:    gammafunk_its_a_trap, layout_misc_corridors
Zot:2:    layout_concentric_octagons, hangedman_zot_diagonal_lockstep
Zot:3:    ebering_klown_carousel, layout_onion
Zot:4:    dreamdust_black_sun_cult, layout_cellular_growth
Zot:5:    layout_basic, grunt_ministairs_14

Skill      XL: |  1  2  3  4  5  6  7  8  9 10 11 12 13 14 15 16 17 18 19 20 21 22 23 24 25 26 27 |
---------------+----------------------------------------------------------------------------------+-----
Long Blades    | 3 4 5 6 7 9 10 12 13 14 16 26 | 26.0
Dodging        | 3 4 5 6 7 8 9 10 11 13 15 16 19 20 21 26 | 26.0
Stealth        | 3 4 6 8 10 11 14 15 16 18 26 | 26.0
Shields        | 1 2 4 6 9 10 14 18 19 20 24 | 24.4
Armour         | 1 2 3 7 12 21 | 21.0
Fighting       | 5 6 8 9 10 14 17 19 20 21 22 26 | 26.0
Spellcasting   | 1 5 7 10 12 | 12.0
Evocations     | 6 7 9 11 12 13 14 | 14.0

Action                   |  1- 3 |  4- 6 |  7- 9 | 10-12 | 13-15 | 16-18 | 19-21 | 22-24 | 25-27 || total
-------------------------+-------+-------+-------+-------+-------+-------+-------+-------+-------++-------
Melee: Falchion          |   117 |   203 |   377 |   759 |       |       |       |       |       ||  1456
       Punch             |     1 |     1 |       |       |       |       |       |       |       ||     2
       Scimitar          |       |       |       |    18 |   950 |  1305 |  1316 |   145 |       ||  3734
       Demon blade       |       |       |       |       |       |       |       |  1053 |  5412 ||  6465
       Unarmed           |       |       |       |       |       |       |       |       |    10 ||    10
 Cast: Apportation       |       |       |       |       |       |       |       |       |   191 ||   191
Invok: Call Merchant     |       |       |       |       |       |       |       |     2 |    14 ||    16
Evoke: Wand              |       |       |       |       |       |       |       |     4 |     3 ||     7
       Tin of tremorston |       |       |       |       |       |       |       |       |     4 ||     4
       Condenser vane    |       |       |       |       |       |       |       |       |     2 ||     2
       Phantom mirror    |       |       |       |       |       |       |       |       |     1 ||     1
  Use: Potion            |       |     4 |     7 |       |       |       |     5 |       |    23 ||    39
       Scroll            |       |    10 |    10 |     6 |     4 |     3 |     8 |       |    14 ||    55
 Stab: Sleeping          |     6 |     1 |    10 |    14 |    42 |    36 |    67 |    50 |   169 ||   395
       Invisible         |       |       |     1 |       |       |       |       |       |       ||     1
       Distracted        |       |       |       |    10 |    16 |    32 |    17 |    26 |   122 ||   223
       Petrified         |       |       |       |       |    10 |       |       |       |       ||    10
Armor: Robe              |    27 |       |       |       |       |       |    25 |   185 |     1 ||   238
       Leather armour    |    20 |    26 |    98 |       |       |   279 |   181 |       |   913 ||  1517
       Skin              |     2 |       |    13 |       |       |       |       |       |       ||    15
       Scale mail        |       |   114 |    54 |       |       |       |       |       |       ||   168
       Steam dragon scal |       |       |    14 |   272 |   240 |    45 |       |       |       ||   571
Dodge: Dodged            |    80 |   142 |   140 |   316 |   457 |   841 |   614 |   715 |  4439 ||  7744
Block: Kite shield       |       |    49 |   169 |   367 |   410 |   983 |   355 |   945 |  4656 ||  7934
       Reflection        |       |       |       |       |       |    81 |   122 |       |       ||   203
       Tower shield      |       |       |       |       |       |       |   978 |       |       ||   978

Table legend: (Time is in decaauts)
 A = Elapsed time spent in this place.
 B = Non-inter-level travel time spent in this place.
 C = Inter-level travel time spent in this place.
 D = Time resting spent in this place.
 E = Time spent auto-exploring this place.
 F = Levels seen in this place.
 G = Mean time per level.
                   A        B        C        D        E       F      G
               +--------+--------+--------+--------+--------+-----+--------+
         Total | 103340 |  96933 |   6407 |  22511 |  44774 |  94 | 1099.4 |
       Dungeon |  16595 |  14781 |   1814 |   1215 |   9139 |  15 | 1106.3 |
        Temple |    404 |    266 |    138 |      0 |    209 |   1 |  404.0 |
          Lair |   6418 |   5502 |    916 |    109 |   3931 |   5 | 1283.6 |
        Shoals |   4515 |   4318 |    197 |    144 |   2754 |   4 | 1128.8 |
     Snake Pit |   4438 |   4185 |    253 |    285 |   2147 |   4 | 1109.5 |
    Slime Pits |   2678 |   2619 |     59 |   1549 |      0 |   5 |  535.6 |
  Orcish Mines |   2585 |   2439 |    146 |    358 |    839 |   2 | 1292.5 |
   Elven Halls |   5360 |   5193 |    167 |   1260 |   2183 |   3 | 1786.7 |
        Vaults |  11284 |  10603 |    681 |   1740 |   5882 |   5 | 2256.8 |
         Crypt |   7336 |   7047 |    289 |   2442 |   3444 |   3 | 2445.3 |
          Tomb |   6714 |   6102 |    612 |   2252 |   1890 |   3 | 2238.0 |
        Depths |   7873 |   7458 |    415 |   2066 |   3943 |   4 | 1968.2 |
          Hell |   2018 |   1968 |     50 |    632 |    696 |   1 | 2018.0 |
           Dis |    906 |    906 |      0 |    391 |    117 |   3 |  302.0 |
       Gehenna |   3600 |   3463 |    137 |   1392 |    676 |   7 |  514.3 |
       Cocytus |   3262 |   3191 |     71 |   1187 |    783 |   7 |  466.0 |
      Tartarus |   3668 |   3467 |    201 |   1034 |   1555 |   5 |  733.6 |
           Zot |  10185 |   9930 |    255 |   3950 |   4086 |   5 | 2037.0 |
         Abyss |   1005 |   1005 |      0 |     73 |     77 |   5 |  201.0 |
        Bazaar |     75 |     75 |      0 |      0 |     42 |   1 |   75.0 |
         Sewer |    203 |    203 |      0 |     40 |      0 |   1 |  203.0 |
       Ossuary |    276 |    276 |      0 |     33 |     97 |   1 |  276.0 |
        Bailey |    371 |    371 |      0 |     77 |     19 |   1 |  371.0 |
      Ice Cave |    275 |    275 |      0 |      6 |     33 |   1 |  275.0 |
       Volcano |    354 |    354 |      0 |      0 |      0 |   1 |  354.0 |
        Wizlab |    932 |    932 |      0 |    270 |    227 |   1 |  932.0 |
               +--------+--------+--------+--------+--------+-----+--------+

Top non-repeatable levels by time:
 Crypt:3: 3799 daAuts
  Tomb:1: 3526 daAuts
   Zot:5: 3038 daAuts
Vaults:5: 2957 daAuts
   Tar:7: 2555 daAuts
Vaults:4: 2385 daAuts
Depths:3: 2233 daAuts
   Zot:3: 2158 daAuts
 Crypt:1: 2120 daAuts
Depths:4: 2096 daAuts
Vaults:1: 2077 daAuts
Vaults:2: 2064 daAuts
    Hell: 2018 daAuts
   Elf:2: 1995 daAuts
Depths:2: 1977 daAuts
